[Event "Benidorm Open-A 2022"]
[Site "Benidorm"]
[Date "2022.12.10"]
[Round "9.3"]
[White "Ajay Karthikeyan"]
[Black "Fernandez Guillen, Ernesto J."]
[Result "1-0"]
[ECO "C70"]
[WhiteElo "2441"]
[BlackElo "2462"]
[Annotator "TA"]
[PlyCount "63"]
[EventDate "2022.12.03"]
[EventType "swiss"]
[EventCountry "ESP"]
[SourceTitle "playchess.com"]
[Source "ChessBase"]
[SourceQuality "1"]
[TimeControl "5400+30"]

1. e4 e5 2. Nf3 Nc6 3. Bb5 a6 4. Ba4 f5 5. d4 exd4 6. e5 {C70: Ruy Lopez: 3...a6 4 Ba4, Norwegian and Delayed Schliemann.} b5 {now scores much better than the old 6...Bc5.} 7. Bb3 Bb7 8. O-O {White is slightly better.} Na5 $1 9. Nxd4 (9. Qxd4 c5 10. Qf4 c4 11. Qxf5 Ne7 $15) 9... Nxb3 10. axb3 {[#]} ({Better is} 10. cxb3 $16 Qh4 11. Nc3 (11. Nxf5 Qe4 $11)) 10... Qe7 $146 (10... Qh4 $14) ({Predecessor:} 10... Qh4 11. Nc3 Ne7 12. e6 O-O-O 13. Nf3 Qf6 14. Bg5 Qxe6 15. Re1 Qf7 16. Ne5 Qe6 {1-0 (49) Makoveev,I (2306)-Anadkat,K (2170) Tornelo INT 2021}) 11. Nd2 ({Much less strong is} 11. Nxf5 Qe6 12. Nd4 Qg6 $14) 11... g6 (11... Qg5 $16 12. N2f3 Qg6) 12. Re1 (12. N2f3 $18) 12... c5 $16 13. N4f3 g5 14. Nf1 f4 {[#]} (14... h6 $142) 15. b4 $1 {[%cal Bb3b4,Bb4c5][%mdl 32] Hoping for bxc5. White is more active.} Qg7 (15... h6 $16) 16. N3d2 $2 (16. N1d2 $18 {has better winning chances.}) 16... Qg6 {Prevents Ne4.} 17. Nb3 Rc8 18. bxc5 {[%cal Oe5e6] aiming for e6!} Ne7 {Inhibits e6.} 19. Na5 Bd5 20. b3 Bg7 21. Ba3 g4 (21... Ba8 $16 {keeps fighting.}) 22. c6 dxc6 (22... Bxc6 $142 23. Qd2 Ba8) 23. c4 Bxg2 (23... bxc4 $142 24. Bxe7 (24. Nxc4 Bxc4 25. Bxe7 Bxf1 $16) 24... Kxe7) 24. Kxg2 {Nb7 is the strong threat.} Nf5 $2 (24... c5 25. Kg1 O-O) 25. Nb7 $18 {White is clearly winning.} b4 26. Bxb4 Nh4+ 27. Kh1 {[%cal Oe5e6] White threatens e6! and mate.} Bf8 {[#] Against e6} 28. e6 $1 Bxb4 29. Qd7+ Kf8 30. e7+ Bxe7 31. Qxe7+ Kg8 32. Qxh4 {Weighted Error Value: White=0.26 (precise) /Black=0.40} 1-0

[Event "Benidorm Open-A 2022"]
[Site "Benidorm"]
[Date "2022.12.10"]
[Round "9.4"]
[White "Christiansen, Johan-Sebastian"]
[Black "Chernikov, Vladimir"]
[Result "1/2-1/2"]
[ECO "A13"]
[WhiteElo "2582"]
[BlackElo "2247"]
[Annotator "TA"]
[PlyCount "64"]
[EventDate "2022.12.03"]
[EventType "swiss"]
[EventCountry "ESP"]
[SourceTitle "playchess.com"]
[Source "ChessBase"]
[SourceQuality "1"]
[TimeControl "5400+30"]

1. Nf3 d5 2. c4 e6 3. g3 a6 4. Qc2 dxc4 {[#]} 5. Qxc4 $146 ({Predecessor:} 5. a4 Nc6 6. Qxc4 e5 7. d3 Be6 8. Qc2 Bd5 9. e4 Be6 10. Be3 Bb4+ 11. Nbd2 Qd6 {0-1 (50) Alvarez Etxarri,A (2062)-Tabuenca Mendataurigoitia,D (2170) Salobrena 2022}) 5... b5 6. Qe4 {A13: English Opening: 1...e6.} Ra7 7. Bg2 c5 8. O-O Nf6 9. Qc2 Nc6 10. a4 Qb6 11. axb5 axb5 12. Rxa7 Qxa7 13. Nc3 Ba6 14. d4 cxd4 (14... Nxd4 15. Nxd4 cxd4 16. Bc6+ Kd8 17. Ne4 $16 (17. Nxb5 Qc5 $14)) 15. Nd5 Nb4 $2 (15... Qd7 $16 {is a better defense.} 16. Nc7+ Qxc7 17. Nxd4 Nd5 18. Bxd5 (18. Qxc6+ Qxc6 19. Nxc6 Bb7 $14) (18. Nxc6 Bb7 $11) 18... exd5) 16. Nxb4 $18 ({Not} 16. Qc7 Qb7 $16) 16... Bxb4 17. Qc6+ Ke7 18. Nxd4 $2 Qxd4 $16 19. Qxa6 Rb8 20. Be3 Qd6 21. Qa7+ Kf8 22. Rc1 {aiming for Rc7. White is more active.} Rd8 (22... Kg8 $142) 23. Bb6 $36 {[%mdl 2048] Black is under strong pressure.} Qd2 24. Qa1 (24. Rc6 {looks sharper.} Qd1+ 25. Bf1 Qd5 26. Rc7) 24... Rb8 ({Black should play} 24... Re8) 25. Bc7 Re8 26. Bc6 Rc8 27. Bxb5 {[%cal Oc7d6] Threatens to win with Bd6+! This pair of bishops is nice.} Kg8 28. Rc4 Qd5 {[%mdl 8192] Inhibits Bd6.} (28... Bf8 $16 {might work better.}) 29. Rxb4 $18 Rxc7 {[#]} 30. Rc4 $1 Rxc4 $16 31. Bxc4 Qb7 32. b4 ({White should try} 32. Qa3 $16) 32... Qxb4 {Weighted Error Value: White=0.31/Black=0.41} 1/2-1/2

[Event "Benidorm Open-A 2022"]
[Site "Benidorm"]
[Date "2022.12.10"]
[Round "9.5"]
[White "Van Delft, Merijn"]
[Black "Harshad S"]
[Result "1/2-1/2"]
[ECO "B99"]
[WhiteElo "2367"]
[BlackElo "2202"]
[Annotator "TA"]
[PlyCount "79"]
[EventDate "2022.12.03"]
[EventType "swiss"]
[EventCountry "ESP"]
[SourceTitle "playchess.com"]
[Source "ChessBase"]
[SourceQuality "1"]
[TimeControl "5400+30"]

1. e4 c5 2. Nf3 d6 3. d4 cxd4 4. Nxd4 Nf6 5. Nc3 a6 6. Bg5 e6 7. f4 Be7 8. Qf3 Qc7 9. O-O-O Nbd7 10. g4 h6 11. Bxf6 Bxf6 12. h4 Nb6 $1 {[%mdl 4] is recently more successful than 12...Qb6. B99: Sicilian Najdorf: 6 Bg5 e6 7 f4 Be7 8 Qf3 Qc7 9 0-0-0 Nbd7.} 13. g5 {Inhibits e5.} Bxd4 14. Rxd4 Qc5 {White is slightly better.} 15. Rd2 Bd7 16. Be2 Na4 17. Rd3 Rc8 18. Bd1 Nxc3 19. Rxc3 Qa5 20. Rxc8+ (20. Ra3 {seems wilder.} Qb6 21. Rb3 Qc5 22. Rxb7 Bc6 23. Rb3) 20... Bxc8 21. gxh6 gxh6 {[%cal Oc8d7] [#]} 22. Rg1 $146 ({Predecessor:} 22. e5 dxe5 23. Rf1 Rf8 24. fxe5 Qxe5 25. Qf2 Ke7 26. Qd2 Bd7 27. Re1 Qg3 28. Re4 {0-1 (41) Dushyant,S (2370)-Prraneeth,V (2451) Delhi 2022}) 22... Bd7 23. a3 Qc5 (23... Bc6 $11) 24. Rg3 (24. Qg3 $14) 24... Bc6 $11 25. c3 Qc4 26. Bc2 Bb5 (26... Ke7 $11 {keeps the balance.}) 27. b3 (27. Rg1 $16) 27... Qe2 28. Qxe2 Bxe2 {[%mdl 4096] Endgame KRB-KRB} 29. Kd2 Bb5 30. e5 {[#] c4 is the strong threat.} Ke7 31. c4 Bc6 32. Ke3 b5 {The position is equal.} 33. Bd3 bxc4 34. Bxc4 a5 35. Kd4 Rd8 {[#] Hoping for ...dxe5+.} 36. exd6+ Kxd6 37. Rg7 Ke7+ 38. Kc5 Kf6 39. Rg1 Be4 40. b4 {Weighted Error Value: White=0.11 (very precise) /Black=0.08 (flawless)} 1/2-1/2

[Event "Benidorm Open-A 2022"]
[Site "Benidorm"]
[Date "2022.12.10"]
[Round "9.6"]
[White "Ilamparthi A R"]
[Black "Vignesh B"]
[Result "1-0"]
[ECO "A05"]
[WhiteElo "2336"]
[BlackElo "2032"]
[Annotator "TA"]
[PlyCount "105"]
[EventDate "2022.12.03"]
[EventType "swiss"]
[EventCountry "ESP"]
[SourceTitle "playchess.com"]
[Source "ChessBase"]
[SourceQuality "1"]
[TimeControl "5400+30"]

1. Nf3 Nf6 2. g3 g6 3. Bg2 Bg7 4. c4 O-O 5. O-O d6 6. Nc3 Bd7 {A16: English Opening: 1...Nf6 with ...d5.} 7. Re1 c5 8. d4 cxd4 {The position is equal.} 9. Nxd4 Nc6 {[#]} 10. Nc2 $146 ({Predecessor:} 10. e3 Rc8 11. b3 Re8 12. Bb2 Nxd4 13. exd4 Bc6 14. d5 Bd7 15. Qd2 Qa5 16. a4 {1-0 (36) Fernandez Garcia,E (1556)-Cerioni Serret,L (1426) Madrid 2018}) 10... Qa5 11. Bd2 Qh5 12. e4 Qxd1 13. Raxd1 Ne5 14. b3 Bg4 15. Rb1 Bf3 16. Nd5 Nxd5 17. exd5 e6 18. dxe6 fxe6 19. Bf4 (19. Be3 $5 ) 19... g5 20. Bxe5 ({Much weaker is} 20. Bxg5 Bxg2 21. Kxg2 Nf3 $11) 20... Bxe5 21. Bxf3 Rxf3 22. Rbd1 Raf8 23. Re2 b6 {White stays focused until the end.} (23... Kf7 $1 $14) 24. Nb4 ({White should play} 24. Nd4) 24... Rc8 (24... R8f7 $142) 25. Nd3 $16 Rf5 (25... h6 $16 {keeps fighting.} 26. Nxe5 dxe5 27. Rxe5 Rc6) 26. Nxe5 $18 dxe5 {[%mdl 4096] Endgame [#] KRR-KRR} 27. Rd7 {Against Rc7} Rf7 28. Rd6 Re8 29. Rxe5 h6 30. Rexe6 ({Don't take} 30. Rdxe6 Rxe6 31. Rxe6 Kh7 $18) 30... Rxe6 31. Rxe6 {KR-KR} Kg7 32. Kg2 Rd7 33. Kf3 Rd3+ 34. Ke2 Rd7 35. Ke3 Kh7 36. h3 Kg7 37. f4 gxf4+ 38. Kxf4 Rf7+ 39. Kg4 Rd7 $2 (39... Kh7 40. Rc6 Rg7+ 41. Kh4 Re7) 40. Kh5 Rd2 41. Re7+ Kf6 42. Rxa7 Rg2 43. g4 Rh2 44. h4 (44. Kxh6 $2 Rxh3#) 44... Re2 45. Kxh6 {[#] Intending g5+ and mate.} Re8 46. g5+ {White mates.} Kf5 47. Rf7+ Kg4 48. g6 Rh8+ 49. Kg7 Rxh4 50. Kf6 Rh5 51. g7 Rf5+ 52. Ke7 Kg5 53. Kf8 {Weighted Error Value: White=0.08 (flawless) /Black=0.65} 1-0

[Event "Benidorm Open-A 2022"]
[Site "Benidorm"]
[Date "2022.12.10"]
[Round "9.7"]
[White "Escartin Lacasa, Jose"]
[Black "Gavarrete, Nahun"]
[Result "1-0"]
[ECO "E90"]
[WhiteElo "2277"]
[BlackElo "2308"]
[Annotator "TA"]
[PlyCount "57"]
[EventDate "2022.12.03"]
[EventType "swiss"]
[EventCountry "ESP"]
[SourceTitle "playchess.com"]
[Source "ChessBase"]
[SourceQuality "1"]
[TimeControl "5400+30"]

1. d4 Nf6 2. c4 g6 3. Nf3 Bg7 4. Nc3 O-O 5. e4 d6 6. Be3 Ng4 7. Bg5 h6 8. Bh4 c5 {E90: King's Indian: Classical: Early deviations and 6 h3.} 9. Be2 (9. dxc5 $14 g5 10. Bg3) 9... cxd4 $1 $15 10. Nxd4 Nf6 (10... Bxd4 $17 11. Qxd4 e5 12. Bxd8 exd4) 11. O-O Nc6 12. Nc2 {[#]} a6 $146 ({Predecessor:} 12... b6 13. Qd2 Kh7 14. f4 Bb7 15. Bf3 Na5 16. Ne3 Rc8 17. Rac1 Nc6 18. Rfd1 e5 19. fxe5 dxe5 20. Qf2 Nd4 21. Ncd5 g5 {½-½ (21) Nutu Gajic,D (2180)-Veroci,Z (2320) Jajce 1986}) 13. Qd2 Rb8 14. a4 Na5 15. Ra3 {Inhibits Nb3.} Be6 16. b3 Qc7 (16... Qb6 $11) 17. f4 ({White should try} 17. Rb1 $16) 17... Rfc8 (17... Qb6+ $11 {remains equal.} 18. Qe3 Qxe3+ 19. Nxe3 Nc6) 18. f5 $16 Nxb3 19. Rxb3 Bxc4 {[#]} 20. Ra3 {Strongly threatening fxg6.} b5 21. axb5 {Hoping for fxg6.} axb5 {And now ...Bxe2 would win.} 22. fxg6 fxg6 {Loses the game.} (22... b4 $16 23. Bxc4 Qxc4 24. gxf7+ Kh8 25. Bxf6 exf6 26. Nxb4 Qxb4) 23. Bxf6 $18 Bxf6 24. Qxh6 Bf7 {[#]} (24... Qc5+ 25. Kh1 Qg5) 25. Nd5 $1 {Rxf6 would kill now.} ({Weaker is} 25. Nxb5 Qxc2 26. Rh3 Qc5+ 27. Kh1 Rxb5 28. Rxf6 Qc1+ 29. Rf1 Qxh6 30. Rxh6 Re5 $17) 25... Bg7 26. Qxg7+ $2 ({Not} 26. Nxc7 Bxh6 27. Ra7 b4 $11) (26. Qh3) 26... Kxg7 {White has a decisive advantage.} 27. Nxc7 Rxc7 28. Nb4 {Black must now prevent Na6.} Bc4 29. Rc1 {Weighted Error Value: White=0.47/Black=0.33} 1-0

[Event "Benidorm Open-A 2022"]
[Site "Benidorm"]
[Date "2022.12.10"]
[Round "9.8"]
[White "Mannion, Stephen R"]
[Black "Rakshitta Ravi"]
[Result "1-0"]
[ECO "C63"]
[WhiteElo "2227"]
[BlackElo "2219"]
[Annotator "TA"]
[PlyCount "69"]
[EventDate "2022.12.03"]
[EventType "swiss"]
[EventCountry "ESP"]
[SourceTitle "playchess.com"]
[Source "ChessBase"]
[SourceQuality "1"]
[TimeControl "5400+30"]

1. e4 e5 2. Nf3 Nc6 3. Bb5 f5 4. d3 fxe4 5. dxe4 Nf6 6. O-O Bc5 7. Bxc6 bxc6 8. Nxe5 O-O 9. Nc3 d6 {C63: Ruy Lopez: Schliemann/Jaenisch Defence.} 10. Na4 {Strongly threatening Nxc5. Pair of Knights!} (10. Nxc6 Qe8 11. Nd4 Nxe4 12. Nxe4 Qxe4 $11) 10... Qe8 11. Nd3 Bg4 {White is slightly better.} 12. Qe1 Bd4 (12... Qxe4 $2 13. Ndxc5 Qxe1 14. Rxe1 $16) 13. c3 $1 Bb6 14. h3 {[#] Hoping for Nxb6.} Be6 15. b3 {[#] Against Bc4} Ba5 $146 ({Predecessor:} 15... Qf7 16. Bd2 Rae8 17. Nxb6 cxb6 18. Qe3 Bf5 19. f3 d5 20. Qg5 Bc8 21. e5 h6 {1-0 (55) Krzyzanowski,W (2474)-Ziese,G (2484) ICCF email 2018}) 16. Bd2 c5 17. Nab2 {Inhibits c4.} Qc6 18. f3 c4 19. Nf4 Bf7 20. Nxc4 Bxc4 21. bxc4 Qxc4 22. Qe2 (22. Qb1 {is more complex.} Bxc3 23. Bxc3 Qxc3 24. Qb3+) 22... Qc5+ {[#]} (22... Qxe2 $14 23. Nxe2 d5) 23. Kh1 $1 $16 Rfe8 24. Rab1 $36 {[%mdl 2048] Inhibits d5. Rb5 is the strong threat. White has strong initiative.} Rab8 {Against Rb5} 25. Qd3 Qe5 26. c4 ({White should try} 26. Qc4+ $18 Kh8 27. a4) 26... Bb6 27. Ne2 Nh5 28. Rb5 Bc5 29. Bc3 Qg5 (29... Qe6 $16 30. Rfb1 Rb6) 30. Rxb8 $18 Rxb8 31. Qd5+ (31. f4 $18 Qe7 32. e5 (32. Qd5+ Qf7 $16)) 31... Qxd5 $16 32. cxd5 ({Stronger than} 32. exd5 Re8 33. g4 (33. Re1 $2 Bf2 $19) 33... Rxe2 $17) 32... Rb6 33. g4 Nf6 34. Rc1 Nd7 35. Rc2 {Weighted Error Value: White=0.14 (very precise) /Black=0.22 (precise)} 1-0

[Event "Benidorm Open-A 2022"]
[Site "Benidorm"]
[Date "2022.12.10"]
[Round "9.9"]
[White "Assylov, Miras"]
[Black "Rajarishi Karthi"]
[Result "1/2-1/2"]
[ECO "C15"]
[WhiteElo "2025"]
[BlackElo "2239"]
[Annotator "TA"]
[PlyCount "61"]
[EventDate "2022.12.03"]
[EventType "swiss"]
[EventCountry "ESP"]
[SourceTitle "playchess.com"]
[Source "ChessBase"]
[SourceQuality "1"]
[TimeControl "5400+30"]

1. e4 e6 2. d4 d5 3. Nc3 Bb4 4. Nge2 dxe4 5. a3 Be7 6. Nxe4 Nd7 7. N2g3 Ngf6 8. Bd3 b6 {was the old line (8...c5).} 9. Qf3 {[#] Hoping for Nxf6+. C15: French: 3 Nc3 Bb4: Unusual White 4th moves.} Rb8 $1 10. c3 Bb7 {[#]} 11. Nxf6+ $146 ({Predecessor:} 11. Nh5 Nxh5 12. Qxh5 Nf6 13. Nxf6+ Bxf6 14. O-O g6 15. Qh6 Qd5 16. f3 Qh5 17. Qf4 {1-0 (50) Saric,I (2039)-Jerkovic,I Omis 2003}) 11... Nxf6 12. Bb5+ Kf8 13. Bc6 Bxc6 14. Qxc6 Qd5 15. Qxd5 Nxd5 16. c4 Nf6 17. b4 b5 18. c5 Nd5 19. Ne2 Bf6 20. f4 h5 21. Bd2 Ke7 22. Kf2 Rhd8 23. a4 a6 (23... Kd7 {is more complex.} 24. Kf3 a6 25. Ke4 Ra8) 24. Rhb1 Kd7 25. axb5 axb5 26. Ra6 $1 Ra8 27. Rba1 Rxa6 28. Rxa6 Rb8 29. Kf3 c6 30. Ra7+ Nc7 31. Ke4 {Weighted Error Value: White=0.07 (flawless) /Black=0.06 (flawless)} 1/2-1/2

[Event "Benidorm Open-A 2022"]
[Site "Benidorm"]
[Date "2022.12.10"]
[Round "9.10"]
[White "Ojas Kulkarni"]
[Black "Grabuzova, Tatiana"]
[Result "1-0"]
[ECO "C12"]
[WhiteElo "2233"]
[BlackElo "2229"]
[Annotator "TA"]
[PlyCount "63"]
[EventDate "2022.12.03"]
[EventType "swiss"]
[EventCountry "ESP"]
[SourceTitle "playchess.com"]
[Source "ChessBase"]
[SourceQuality "1"]
[TimeControl "5400+30"]

1. d4 e6 2. e4 d5 3. Nc3 Nf6 4. Bg5 Bb4 5. e5 h6 6. Bc1 {C12: French: Classical System: McCutcheon Variation.} Bxc3+ (6... Ne4 $11 7. a3 Bxc3+ 8. bxc3 Nxc3) 7. bxc3 $14 Ne4 (7... Ng8 $14) 8. Qg4 $16 {White is clearly better.} g6 {[#]} 9. Bd3 (9. Ne2 $1 $18) 9... h5 {[#]} (9... Nxc3 $11 {keeps the balance.} 10. Nf3 Nc6) 10. Qf3 $146 ({Predecessor:} 10. Qf4 Nxc3 11. Nf3 Qd7 12. O-O b6 13. Bd2 Na4 14. Ng5 Ba6 15. Qf6 Rg8 16. Nh7 Bxd3 17. cxd3 {1-0 (32) Golubev,M (2461)-Bychkov,V (2303) Chess.com INT 2020}) 10... Bd7 11. Ne2 Bc6 (11... c5 $16 12. O-O h4) 12. Qe3 $18 f5 13. exf6 Qxf6 14. f3 Nd6 15. Nf4 Nf5 $2 (15... Nd7 16. Qxe6+ (16. Nxe6 Kf7 $16) 16... Qxe6+ 17. Nxe6 Kf7) 16. Qxe6+ Qxe6+ 17. Nxe6 Rh7 18. Kf2 Re7 19. Re1 Kf7 20. Bxf5 gxf5 21. Nd8+ Ke8 {[#] Threatens to win with ...Rxe1.} 22. Bg5 Rxe1 23. Rxe1+ ({Less strong is} 23. Kxe1 Kd7 24. Kd2 Na6 25. Nxc6 bxc6 $18) 23... Kd7 24. h4 Na6 $2 (24... Ba4 {is a better defense.} 25. Nxb7 Na6) 25. Re7+ Kc8 26. Nxc6 bxc6 {[%mdl 4096] Endgame KRB-KRN} 27. Re8+ Kb7 28. Rxa8 Kxa8 29. g4 fxg4 30. fxg4 Nb8 31. gxh5 Nd7 32. Be7 {Weighted Error Value: White=0.22 (precise) /Black=0.84} 1-0

[Event "Benidorm Open-A 2022"]
[Site "Benidorm"]
[Date "2022.12.10"]
[Round "9.11"]
[White "Priyanka, Kumari"]
[Black "Kuipers, Eelco"]
[Result "1/2-1/2"]
[ECO "C41"]
[WhiteElo "1910"]
[BlackElo "2311"]
[Annotator "TA"]
[PlyCount "78"]
[EventDate "2022.12.03"]
[EventType "swiss"]
[EventCountry "ESP"]
[SourceTitle "playchess.com"]
[Source "ChessBase"]
[SourceQuality "1"]
[TimeControl "5400+30"]

1. e4 d6 2. d4 Nf6 3. Nc3 e5 4. Nf3 Nbd7 5. Bc4 Be7 6. O-O O-O 7. Re1 c6 8. a4 Qc7 {8...h6 is the modern continuation.} 9. h3 b6 10. Ba2 {C41: Philidor Defence.} a6 11. Nh4 exd4 12. Qxd4 {White is slightly better.} (12. Nf5 $5 dxc3 13. Nxe7+ Kh8 14. Nf5 $14 (14. bxc3 Ne5 $14)) 12... Nc5 {[#]} 13. Be3 $146 (13. Qd1 {simplifies} Be6 14. b4 Bxa2 15. Rxa2 Ne6 16. Nf5) ({Predecessor:} 13. Nf3 Be6 14. Bf4 Bxa2 15. Rxa2 Ne6 16. Qd2 Nxf4 17. Qxf4 Rfe8 18. Nd4 Bf8 19. Rea1 b5 20. Rd1 b4 21. Nb1 Qb6 22. Nf5 d5 23. Nd2 dxe4 24. Nxe4 Nxe4 {½-½ (24) Lakos,N (2372)-Moser,E (2328) Germany 2004}) 13... a5 14. Rad1 (14. Nf3 {simplifies} Be6 15. Bxe6 Nxe6 16. Qxb6 Qxb6 17. Bxb6 Rfb8 18. Bd4) 14... Bd7 ({Black should try} 14... Be6 $11) 15. Nf3 Be6 16. e5 dxe5 17. Qxe5 Qxe5 18. Nxe5 Rfc8 19. Bxc5 {White is more active.} Bxc5 20. Bxe6 fxe6 21. Nd3 {Pair of Knights!} Kf7 22. Ne4 Nxe4 23. Rxe4 {Black must now prevent Nxc5.} Bd6 24. Rd4 Ke7 25. Rh4 h6 26. Rg4 Kf6 27. h4 h5 28. Rd4 Ke7 29. Re1 Rf8 30. Rde4 Rf6 31. f4 Kd7 32. g3 Re8 33. Kg2 Rf5 34. c4 b5 35. cxb5 ({White should play} 35. b3 $16) 35... cxb5 $14 36. Rd4 Ke7 (36... bxa4 $5 37. Ra1 (37. Rxa4 Rd5 $11) (37. Ne5+ Ke7 $11) 37... Rd5 38. Raxa4 Rxd4 39. Rxd4 Rc8 $11) 37. Rde4 Kd7 38. Rd4 Ke7 39. Rde4 Kd7 {Weighted Error Value: White=0.13 (very precise) /Black=0.11 (very precise)} 1/2-1/2

[Event "Benidorm Open-A 2022"]
[Site "Benidorm"]
[Date "2022.12.10"]
[Round "9.12"]
[White "Ram Aravind L N"]
[Black "Slagboom, Leandro"]
[Result "1/2-1/2"]
[ECO "B53"]
[WhiteElo "2272"]
[BlackElo "2147"]
[Annotator "TA"]
[PlyCount "108"]
[EventDate "2022.12.03"]
[EventType "swiss"]
[EventCountry "ESP"]
[SourceTitle "playchess.com"]
[Source "ChessBase"]
[SourceQuality "1"]
[TimeControl "5400+30"]

1. e4 c5 2. Nf3 d6 3. d4 cxd4 4. Qxd4 Nc6 5. Bb5 Bd7 6. Bxc6 Bxc6 7. c4 Nf6 8. Nc3 g6 9. b3 {B53: Sicilian: 2...d6: Lines with Qxd4.} (9. O-O $11 {is superior.}) 9... Bg7 $15 {Strongly threatening ...0-0.} 10. Bb2 O-O 11. Nd5 {Black is slightly better.} Nh5 12. Qd2 Bxb2 13. Qxb2 e6 $1 14. Nc3 Qf6 15. O-O-O {[#]} Nf4 $146 ({Predecessor:} 15... Qf4+ 16. Qd2 Qg4 17. h3 Qf4 18. Qxf4 Nxf4 19. g3 Nh5 20. Rxd6 Nf6 21. Re1 Rfd8 22. Rxd8+ Rxd8 {1-0 (48) Dulman,E (2114)-Lien,K (1948) Oslo 2011}) 16. Ne1 $1 Rfd8 17. Kb1 (17. Rd2 $11) 17... d5 $1 $36 {[%mdl 2048] Keeping White busy.} 18. cxd5 exd5 19. Nxd5 Nxd5 20. exd5 Qf5+ 21. Nc2 Rxd5 22. Rxd5 Bxd5 23. f3 Rc8 24. Rc1 Be6 25. Qd4 Qa5 26. Kb2 ({Better is} 26. g4 $1 $15) 26... Rd8 27. Qc3 Qg5 28. Ne3 {[%cal Bc2e3,Be3d5,Bd5f4][%mdl 32] [#]} Qf4 (28... b5 $1 $17 {[%cal Ob5b4] White must now prevent ...b4!} 29. Kb1 Re8) 29. h3 $15 b6 30. Rc2 (30. Ng4 {simplifies} Bxg4 31. hxg4 b5 32. Kb1) 30... Rc8 (30... h5 {simplifies} 31. Rd2 Rxd2+ 32. Qxd2 Qe5+) 31. Nd5 Rxc3 32. Nxf4 Rxc2+ 33. Kxc2 $11 {[%mdl 4096] Endgame Threatens to win with Nxe6. KB-KN} Bd7 34. Kc3 Bc6 35. Kc4 Kf8 36. Nd5 Ke8 {[#]} (36... g5 $11) 37. Ne3 (37. Kd4 $1 $16) 37... Ke7 {The position is equal.} 38. Kd4 Ke6 39. f4 h5 40. h4 f6 41. g3 Be8 42. b4 Bf7 43. a3 Kd6 44. f5 g5 45. Nd1 Bb3 46. Ne3 Bf7 47. Nf1 Bb3 48. Nd2 Bd5 49. b5 g4 50. a4 Bf7 51. Ne4+ Ke7 52. Nd2 Kd6 53. Ne4+ Ke7 54. Nd2 Kd6 {Weighted Error Value: White=0.12 (very precise) /Black=0.09 (flawless)} 1/2-1/2

[Event "Benidorm Open-A 2022"]
[Site "Benidorm"]
[Date "2022.12.10"]
[Round "9.13"]
[White "Gugan G"]
[Black "Ibanez Aullana, Ramon"]
[Result "1/2-1/2"]
[ECO "B02"]
[WhiteElo "2126"]
[BlackElo "2270"]
[Annotator "TA"]
[PlyCount "76"]
[EventDate "2022.12.03"]
[EventType "swiss"]
[EventCountry "ESP"]
[SourceTitle "playchess.com"]
[Source "ChessBase"]
[SourceQuality "1"]
[TimeControl "5400+30"]

1. e4 Nf6 2. e5 Ng8 3. d4 d6 4. Nf3 dxe5 5. Nxe5 Nd7 6. Qf3 {[%csl Ge5][%cal Rf3f7] [#] B02: Alekhine's Defence: Chase Variation and lines with early Nc3.} Ngf6 {[#]} 7. Nxd7 $146 {White is much more active. The black rooks are badly placed.} (7. Nc3 $16) ({Predecessor:} 7. Nc3 e6 8. Bg5 Be7 9. O-O-O Nxe5 10. dxe5 Nd7 11. Bf4 Bg5 12. Ne4 Bxf4+ 13. Qxf4 {½-½ (65) Malik,J (2291)-Hausner,I (2382) Czech Republic 2020}) 7... Qxd7 $14 8. Nc3 {The position is equal.} c6 9. Be3 Qg4 10. Be2 Qxf3 11. Bxf3 Bg4 12. Bxg4 Nxg4 13. Bf4 O-O-O 14. h3 Nf6 ({Resist} 14... Rxd4 15. Ne2 Rxf4 16. Nxf4 $16) 15. O-O-O Nd5 16. Nxd5 cxd5 17. Rhe1 e6 18. c3 Kd7 19. Kc2 Rc8 20. Kd3 Rc6 21. Be5 f6 22. Bf4 g5 23. Bd2 Be7 24. f4 gxf4 25. Bxf4 Rg8 26. g4 Rg6 27. Re3 Bd6 28. Bxd6 Rxd6 $11 {[%mdl 4096] Endgame KRR-KRR} 29. Rf1 Ke7 30. Rf2 Kf7 (30... h5 $11 {feels stronger.}) 31. b3 (31. Ref3 $14) 31... b5 32. Rff3 Ke7 33. c4 dxc4+ (33... bxc4+ {simplifies} 34. bxc4 dxc4+ 35. Kxc4 Rc6+) 34. bxc4 e5 35. cxb5 {next Re4 is good for White.} Rxd4+ 36. Kc2 Rh6 (36... h5 $11 {keeps the balance.}) 37. Rc3 Kd6 $2 {[#]} (37... e4 $14 38. Rf2 Rd3) 38. Kb3 $2 (38. g5 $18 Rhh4 39. gxf6 (39. Rxf6+ Kd5 $16)) 38... e4 {Weighted Error Value: White=0.19 (very precise) /Black=0.25 (precise)} 1/2-1/2